 Dungeon Crawl Stone Soup version 0.23.2-30-g0e89c35649 (webtiles) character file.

Game seed: 12071028999425740481

22 troglodite the Digger (level 2, -4/17 HPs)
             Began as an Octopode Earth Elementalist on June 13, 2019.
             Slain by a worm (12 damage)
             ... on level 2 of the Dungeon.
             The game lasted 00:01:45 (1158 turns).

troglodite the Digger (Octopode Earth Elementalist) Turns: 1158, Time: 00:01:46

Health: -4/17      AC:  1    Str:  7    XL:     2   Next: 91%
Magic:  13/14      EV: 13    Int: 17    God:
Gold:   37         SH:  0    Dex: 12    Spells: 4/5 levels left

rFire    . . .     SeeInvis .   a - +0 dagger
rCold    . . .     Gourm    .   (no shield)
rNeg     . . .     Faith    .   (helmet restricted)
rPois    .         Spirit   .   (no amulet)
rElec    .         Reflect  .   e - ring of magical power
rCorr    .         Harm     .   (no ring)
MR       .....                  (no ring)
Stlth    +++.......             (no ring)
HPRegen  0.05/turn              (no ring)
MPRegen  0.14/turn              (no ring)
                                (no ring)
                                (no ring)

@: no status effects
A: almost no armour, stealthy swim, amphibious, 8 rings, constrict 8, camouflage
1, gelatinous body 1
a: no special abilities


You were on level 2 of the Dungeon.
You were not hungry.

You visited 1 branch of the dungeon, and saw 2 of its levels.

You collected 37 gold pieces.

Inventory:

Hand Weapons
 a - a +0 dagger (weapon)
Missiles
 b - 68 stones (quivered)
Jewellery
 e - a ring of magical power (left tentacle)
Scrolls
 d - 3 scrolls of identify {unknown}
 g - 2 scrolls of amnesia {unknown}
Potions
 h - a potion of heal wounds {unknown}
Comestibles
 c - 3 rations
 f - a chunk of flesh


   Skills:
 + Level 0.1 Fighting
 + Level 0.1 Short Blades
 + Level 2.0 Dodging
 * Level 3.1 Stealth
 * Level 2.0 Spellcasting
   Level 1.0 Transmutations
 * Level 3.7 Earth Magic


You had 4 spell levels left.
You knew the following spells:

 Your Spells              Type           Power        Failure   Level  Hunger
a - Sandblast             Erth           ##....       4%          1    #......

Your spell library contained the following spells:

 Spells                   Type           Power        Failure   Level  Hunger
 Passwall                 Tmut/Erth      #.......     11%         2    ###....
 Stone Arrow              Conj/Erth      #.....       26%         3    ###....
 Petrify                  Tmut/Erth      #.......     58%         4    #####..
 Lee's Rapid Deconstruct  Erth           ##........   75%         5    ######.


Dungeon Overview and Level Annotations

Branches:
Dungeon (2/15)

Altars:


Innate Abilities, Weirdness & Mutations

You cannot wear most types of armour.
You are very stealthy in the water. (Stealth+)
You are amphibious.
You can wear up to eight rings at the same time.
You can use your tentacles to constrict eight enemies at once.
Your skin changes colour to match your surroundings (Stealth+).
Your rubbery body absorbs attacks. (AC +1, EV +1)


Message History

Press: ? - help, Shift-Dir - straight line, f - worm
Aim: a worm The blast of sand hits the worm.
The worm is lightly wounded.
b - 68 stones You hit the worm.
You grab the worm.
The worm is moderately wounded.
You constrict the worm. You hit the worm but do no damage.
You squeeze the worm, but do no damage.
The worm is moderately wounded.
You constrict the worm. The worm bites you!
Ouch! That really hurt!
You hit the worm.
The worm is heavily wounded.
You constrict the worm. You hit the worm.
The worm is severely wounded.
You constrict the worm. The worm bites you!
Ouch! That really hurt!
You die...

...#. #....
##....###
!....... #.....#
#.....#
###....w#
.......@#.......
........#.......
........#.......
........#.......
........#.....[.
........#.......
###+#...#.......
#.###..#####+###
.
#...............


You could see a worm.

Vanquished Creatures
  2 dart slugs (D:1)
  A leopard gecko (D:1)
  2 giant cockroaches (D:1)
  2 hobgoblins (D:1)
  2 kobolds (D:1)
  2 ball pythons (D:1)
  4 bats (D:1)
  A frilled lizard (D:1)
  A rat (D:2)
17 creatures vanquished.

Notes
Turn   | Place    | Note
-------+----------+-------------------------------------------
     0 | D:1      | troglodite the Octopode Earth Elementalist began the quest
                  | for the Orb.
     0 | D:1      | Reached XP level 1. HP: 11/11 MP: 3/3
   413 | D:1      | Reached XP level 2. HP: 14/17 MP: 5/5
  1158 | D:2      | Slain by a worm

Skill      XL: |  1  2 |
---------------+-------+-----
Stealth        | 3 |  3.1
Fighting       | |  0.1
Short Blades   | |  0.1
Dodging        | |  2.0
Spellcasting   | |  2.0
Transmutations | |  1.0
Earth Magic    | |  3.7

Action                   || total
-------------------------++-------
Melee: Dagger            ||    35
       Unarmed           ||     7
       Constrict         ||    13
       Tentacles         ||     5
 Cast: Sandblast         ||     5
 Stab: Sleeping          ||     4
  Eat: Chunk             ||     1
Armor: Skin              ||     6
Dodge: Dodged            ||    38
